 Dungeon Crawl Stone Soup version 0.20-a0-1062-g7b787ac (webtiles) character file.

3595 JeffiDaFish the Protected (level 10, -5/64 HPs)
             Began as a Gargoyle Fighter on Apr 27, 2017.
             Was an Initiate of Okawaru.
             Splashed by an oklob plant's acid (11 damage)
             ... on level 7 of the Dungeon.
             The game lasted 00:20:51 (6686 turns).

JeffiDaFish the Protected (Gargoyle Fighter)        Turns: 6686, Time: 00:20:52

Health: -5/64      AC: 16    Str: 19    XL:     10   Next: 10%
Magic:  10/10      EV:  6    Int: 10    God:    Okawaru [......]
Gold:   390        SH: 11    Dex: 12    Spells: 9/9 levels left

rFire    + . .     SeeInvis +   g - -3 morningstar (curse)
rCold    + . .     Gourm    .   c - +1 shield
rNeg     + . .     Faith    .   l - +0 plate armour
rPois    ∞         Spirit   .   k - +2 helmet
rElec    +         Reflect  .   h - scarf {rC+ rF+}
rCorr    .         Harm     .   j - +1 pair of gloves
MR       .....                  x - +0 pair of boots
Stlth    ..........             (no amulet)
Regen    0.2/turn               (no ring)
MPRegen  0.2/turn               w - ring of see invisible

@: corroded, flying, hasted, very quick
A: big wings, negative energy resistance 1, electricity resistance, unbreathing,
petrification resistance, rot immunity, subdued magic 1, AC +7
a: Stop Flying, Renounce Religion


You were on level 7 of the Dungeon.
You worshipped Okawaru.
Okawaru was noncommittal.
You were not hungry.

You visited 2 branches of the dungeon, and saw 8 of its levels.

You collected 390 gold pieces.

Inventory:

Hand Weapons
 a - a +1 flail
 g - a cursed -3 morningstar (weapon)
Armour
 c - a +1 shield (worn)
 h - a scarf of resistance (worn)
 j - a +1 pair of gloves (worn)
 k - a +2 helmet (worn)
 l - a +0 plate armour (worn)
 x - a +0 pair of boots (worn)
Jewellery
 w - a ring of see invisible (right hand)
Scrolls
 d - 3 scrolls of teleportation
 e - a scroll of recharging
 u - 2 scrolls of magic mapping
 y - a scroll of identify
Potions
 b - 2 potions of heal wounds
 n - 3 potions of invisibility
 o - 3 potions of flight
Books
 t - a book of Misfortune

   Spells                             Type                      Level
   a - Confusing Touch                Hexes                        1
   b - Confuse                        Hexes                        3
   c - Gell's Gravitas                Translocation                3
   d - Petrify                        Transmutation/Earth          4
   e - Metabolic Englaciation         Hexes/Ice                    5
   f - Yara's Violent Unravelling     Hexes/Transmutation          5
Comestibles
 f - 3 bread rations
 i - 3 fruits
 m - 8 royal jellies
 p - 3 meat rations
 v - 8 chunks of flesh


   Skills:
 * Level 7.9 Fighting
 + Level 7.2 Maces & Flails
 * Level 8.6 Armour
 + Level 3.6 Dodging
 - Level 1.0 Stealth
 + Level 7.3 Shields


You had 9 spell levels left.
You didn't know any spells.

Dungeon Overview and Level Annotations

Branches:
Dungeon (7/15)             Temple (1/1) D:6

Altars:
Ashenzari
Cheibriados
Dithmenos
Elyvilon
Fedhas
Gozag
Hepliaklqana
Kikubaaqudgha
Makhleb
Nemelex Xobeh
Okawaru
Qazlal
Ru
Sif Muna
Trog
Uskayaw
Vehumet
Wu Jian
Xom
Yredelemnul
Zin
The Shining One

Shops:
D:7 ([

Annotations:
D:7 exclusion: oklob plant


Innate Abilities, Weirdness & Mutations

You are resistant to torment.
Your stone body is resilient. (AC +7)
You are immune to poison.
You resist negative energy. (rN+)
You are resistant to electric shocks. (rElec)
You can survive without breathing.
You are immune to petrification.
You are immune to rotting.
Your large and strong wings let you fly indefinitely.
Your spells are a little easier to cast, but a little less powerful.


Message History

You hit the oklob plant but do no damage.
The oklob plant is heavily damaged.
You completely miss the oklob plant.
The oklob plant is heavily damaged.
You hit the oklob plant but do no damage.
The oklob plant is heavily damaged.
You hit the oklob plant.
The oklob plant is heavily damaged.
The oklob plant spits acid at you. The splash of acid hits you!
You are splashed with acid!
The acid burns!
* * * LOW HITPOINT WARNING * * *
You hit the oklob plant but do no damage.
The oklob plant is heavily damaged.
You hit the oklob plant but do no damage.
The oklob plant is heavily damaged.
The oklob plant spits acid at you. The splash of acid hits you!
* * * LOW HITPOINT WARNING * * *
The acid corrodes you!
You are splashed with acid!
The acid burns!
You die...

♣P.≈≈≈≈._.≈≈≈≈.♣P#P##### ##...#
#P.≈≈≈≈...≈≈≈≈.♣PPP# ####....#
PP.≈≈≈≈≈.≈≈≈≈≈.PP.P# #.......###
#P..≈≈≈≈.≈≈≈≈..PP♣P####.#.......#
PPP..≈≈≈.≈≈≈..#P♣P##...........)=
#P#P..≈≈.≈≈....PP.P####.#.....[)#
P#♣PP.......P♣P.P♣P# #......)#.#
#,##PPP♣♣#P.PPPP.%♣# #.........#
**,..P♣.PPPPP%%%@PP# #.#.....#..
,*P#.P♣.♣PPPP#P%PPP# #.#.#...#..


,PP♣PP#PPPPP....PPP# #.#.#...#.. ####**#################.......... ...#
#........######...##. #.## *******#.####.#.# #...... #∩# *,,,,,**,*
#.#.######....#. ..# *,,,,,**,* #.#............. ### *,,,,,,,>* #.#......>......
You could see an oklob plant.

Vanquished Creatures
  The ghost of GoodGuyCisco the Tainter, a novice DrVM of Vehumet (D:7)
  Grinder (D:3)
  Eustachio (D:6)
  2 hungry ghosts
  The ghost of Likado the Ruffian, an amateur VSMo (D:3)
  Duvessa (D:6)
  A black bear (D:7)
  2 orc warriors
  3 phantoms
  2 ogres
  2 centaurs (D:6)
  A bullfrog (D:7)
  A water moccasin zombie (D:6)
  A scorpion (D:3)
  Dowan (D:6)
  A howler monkey (D:5)
  4 crimson imps
  2 bullfrog zombies (D:5)
  2 jellies (D:5)
  A gnoll shaman (D:5)
  3 orc priests
  9 orc wizards
  3 iguanas
  Ijyb (D:3)
  3 worker ants
  A worker ant zombie (D:5)
  10 gnolls
  9 adders
  A howler monkey skeleton (D:6)
  2 oozes
  An adder zombie (D:6)
  An adder skeleton (D:4)
  4 dart slugs
  6 worms
  5 leopard geckos
  16 orcs
  2 giant cockroaches
  11 goblins
  8 hobgoblins
  16 jackals
  5 quokkas
  3 ball pythons
  3 bats (D:1)
  4 frilled lizards
  A jackal skeleton (D:4)
  2 kobolds (D:3)
  2 leopard gecko zombies
  6 rats
169 creatures vanquished.

Vanquished Creatures (others)
  An orc wizard (D:6)
  2 fungi (D:7)
  14 toadstools (D:7)
17 creatures vanquished.

Grand Total: 186 creatures vanquished

Notes
Turn   | Place    | Note
-------+----------+-------------------------------------------
     0 | D:1      | JeffiDaFish the Gargoyle Fighter began the quest for the Orb.
     0 | D:1      | Reached XP level 1. HP: 14/14 MP: 1/1
   100 | D:1      | Reached XP level 2. HP: 9/19 MP: 2/2
   471 | D:1      | Reached XP level 3. HP: 14/23 MP: 3/3
  1169 | D:2      | Reached XP level 4. HP: 25/29 MP: 4/4
  1566 | D:3      | Reached XP level 5. HP: 22/33 MP: 5/5
  1673 | D:3      | Noticed Grinder
  1684 | D:3      | Paralysed by Grinder for 3 turns
  1687 | D:3      | Killed Grinder
  1687 | D:3      | Reached skill level 4 in Armour
  1687 | D:3      | Reached skill level 5 in Shields
  1687 | D:3      | Reached XP level 6. HP: 36/38 MP: 6/6
  1732 | D:3      | Noticed a hungry ghost
  1791 | D:3      | Killed a hungry ghost
  1791 | D:3      | Reached XP level 7. HP: 43/43 MP: 7/7
  1817 | D:3      | Noticed Ijyb
  1829 | D:3      | Killed Ijyb
  1829 | D:3      | Reached skill level 5 in Maces & Flails
  2054 | D:3      | Found a glowing silver altar of Zin.
  2150 | D:3      | Noticed Likado's ghost (amateur VSMo)
  2169 | D:3      | Killed Likado's ghost
  2169 | D:3      | Reached skill level 5 in Armour
  2242 | D:3      | Reached skill level 1 in Stealth
  2564 | D:4      | Found a shattered altar of Ashenzari.
  2859 | D:4      | Reached skill level 1 in Dodging
  2859 | D:4      | Reached XP level 8. HP: 43/48 MP: 8/8
  3019 | D:4      | Identified the +7 quarterstaff of the Nine Hells {crush, SInv Stlth+} (You found it on level 4 of the Dungeon)
  3091 | D:5      | Entered Level 5 of the Dungeon
  3155 | D:5      | Found a sacrificial altar of Ru.
  3155 | D:5      | Found a snail-covered altar of Cheibriados.
  3156 | D:5      | Found a glowing golden altar of the Shining One.
  3393 | D:5      | Reached skill level 5 in Fighting
  3485 | D:5      | Reached skill level 6 in Armour
  3538 | D:5      | HP: 2/50 [gnoll (3)]
  4175 | D:6      | Found a staircase to the Ecumenical Temple.
  4175 | D:6      | Noticed Eustachio
  4189 | D:6      | Killed Eustachio
  4189 | D:6      | Reached XP level 9. HP: 55/55 MP: 9/9
  4231 | Temple   | Entered the Ecumenical Temple
  4622 | D:6      | Reached skill level 7 in Armour
  4694 | D:6      | Noticed Dowan
  4696 | D:6      | Noticed Duvessa
  4732 | D:6      | Killed Dowan
  4771 | D:6      | Killed Duvessa
  5639 | D:7      | Noticed GoodGuyCisco's ghost (novice DrVM)
  5805 | D:7      | Found Suuffeoreicw's Armour Emporium.
  5863 | D:7      | Killed GoodGuyCisco's ghost
  5863 | D:7      | Reached skill level 8 in Armour
  5952 | D:7      | Found a deep blue altar of Sif Muna.
  5968 | D:7      | Found a shimmering altar of Xom.
  5990 | D:7      | Found an iron altar of Okawaru.
  5994 | D:7      | Found a shadowy altar of Dithmenos.
  5996 | D:7      | Found a hide-covered altar of Uskayaw.
  5997 | D:7      | Found an ornate altar of the Wu Jian Council.
  6000 | D:7      | Became a worshipper of Warmaster Okawaru
  6086 | D:7      | Reached XP level 10. HP: 64/64 MP: 10/10
  6124 | D:7      | Found Mazapred's Antique Weapon Emporium.
  6524 | D:7      | Gained mutation: Your spells are a little easier to cast, but a little less powerful. [potion of mutation]
  6524 | D:7      | Gained mutation: Your large and strong wings let you fly indefinitely. [potion of mutation]
  6616 | D:7      | Found a blossoming altar of Fedhas.
  6658 | D:7      | Noticed an oklob plant
  6686 | D:7      | Splashed by an oklob plant's acid

Vault maps used:
D:1:      tarquinn_simple_flora_water_c
D:3:      lemuel_crystal_altar, first_bread, uniq_grinder, uniq_ijyb
D:4:      ashenzari_conservatory_becter
D:5:      gammafunk_temple_overflow_forgotten,
          hangedman_abyss_or_decor_lesser_grid
D:6:      minmay_temple_entry_overgrown, uniq_duvessa, uniq_eustachio
D:7:      grunt_temple_overflow_open, serial_shops, shop, shop_fountains,
          tgw_fedhas
Temple:   minmay_temple_curvy_loop

Skill      XL: |  1  2  3  4  5  6  7  8  9 |
---------------+----------------------------+-----
Shields        | 4 5 6 7 |  7.3
Maces & Flails | 3 4 5 6 7 |  7.2
Fighting       | 4 6 7 |  7.9
Armour         | 4 5 6 8 |  8.6
Stealth        | 1 |  1.0
Dodging        | 1 2 3 |  3.6

Action                   |  1- 3 |  4- 6 |  7- 9 | 10-12 || total
-------------------------+-------+-------+-------+-------++-------
Melee: Flail             |   105 |   146 |   677 |       ||   928
       Morningstar       |       |       |    33 |   140 ||   173
 Abil: Fly               |       |       |       |     1 ||     1
Evoke: Wand              |       |       |    15 |       ||    15
  Use: Potion            |     2 |     4 |     2 |     2 ||    10
       Scroll            |     2 |     4 |     8 |     1 ||    15
  Eat: Chunk             |     1 |     7 |    15 |     3 ||    26
       Bread ration      |       |       |     1 |       ||     1
Armor: Scale mail        |    76 |       |       |       ||    76
       Plate armour      |    19 |   103 |   473 |    68 ||   663
Dodge: Dodged            |    52 |    13 |   119 |    31 ||   215
Block: Shield            |    78 |    67 |   438 |    86 ||   669
